 Dungeon Crawl Stone Soup version 0.29.1-2-gbd0b4ee654 (webtiles) character file.

Game seed: 3444941555651937526

109330 Firos the Devastator (level 16, -19/96 HPs)
             Began as a Deep Elf Conjurer on Nov 14, 2022.
             Was the Champion of Vehumet.
             Killed from afar by a wretched star (28 damage)
             ... with a lance of force
             ... on level 2 of the Abyss.
             The game lasted 01:55:48 (36071 turns).

Firos the Devastator (Deep Elf Conjurer)           Turns: 36071, Time: 01:55:49

Health: -19/96     AC: 13    Str:  4    XL:     16   Next: 4%
Magic:  8/37       EV: 19    Int: 35    God:    Vehumet [******]
Gold:   2193       SH:  0    Dex: 15    Spells: 2/45 levels left

rFire   + . .      SeeInvis .   b - staff of conjuration
rCold   + . .      Faith    .   (no shield)
rNeg    + . .      Spirit   .   Z - +2 robe {Archmagi}
rPois   +          Reflect  .   W - +1 helmet "Qonur" {rN+}
rElec   +          Harm     .   e - +2 cloak {rPois}
rCorr   .          Rampage  .   p - +0 pair of gloves
Will    +....      Archmagi +   L - +2 pair of boots {Stlth+}
Stlth   +++....... Rage     9%  (no amulet)
HPRegen 0.26/turn               Q - ring of protection from cold
MPRegen 0.25/turn               i - ring of Xom's Entertainment {rPois rF+ Int+3 Dex+6}

@: studying Shields, invisible, unable to read
A: electricity resistance, [berserk 2], [clumsy 2], [subdued magic 2],
[inability to read after injury 2]
a: Renounce Religion


You were on level 2 of the Abyss.
You worshipped Vehumet.
Vehumet was exalted by your worship.
You visited 4 branches of the dungeon, and saw 22 of its levels.
You visited the Abyss 1 time.
You also visited: Bailey and Volcano.

You collected 3101 gold pieces.
You spent 908 gold pieces at shops.

Inventory:

Hand Weapons
 B - a +2 dagger of electrocution
Armour
 e - a +2 cloak of poison resistance (worn)
 p - a +0 pair of gloves (worn)
 w - a +0 kite shield
 z - a +3 troll leather armour {Snorg}
 E - a +0 leather armour of cold resistance
 L - a +2 pair of boots of stealth (worn)
 O - a +0 robe of positive energy
 W - the +1 helmet "Qonur" (worn) {rN+}
   (You found it in a volcano)

   rN:        It protects you from negative energy.
 Z - a +2 robe of the Archmagi (worn)
Magical Staves
 b - a staff of conjuration (weapon)
 G - a staff of fire
Jewellery
 d - a ring of willpower
 i - the ring of Xom's Entertainment (right hand) {rPois rF+ Int+3 Dex+6}
   (You acquired it in a bailey)

   [ring of dexterity]

   Int:       It affects your intelligence (+3).
   Dex:       It affects your dexterity (+6).
   rF:        It protects you from fire.
   rPois:     It protects you from poison.
 n - a ring of fire
 C - a ring of flight
 N - a ring of positive energy
 P - a ring of fire
 Q - a ring of protection from cold (left hand)
 R - a ring of protection from fire
 X - a ring of resist corrosion
 Y - the ring "Lattowiq" {rF+++ Will- rCorr Int-5 Dex+6}
   (You found it on level 5 of the Lair of Beasts)

   [ring of dexterity]

   Int:       It affects your intelligence (-5).
   Dex:       It affects your dexterity (+6).
   rF:        It renders you almost immune to fire.
   rCorr:     It protects you from acid and corrosion.
   Will:      It decreases your willpower.
Wands
 c - a wand of flame (20)
 g - a wand of charming (2)
 k - a wand of quicksilver (26)
 A - a wand of iceblast (4)
 I - a wand of polymorph (16)
 J - a wand of digging (13)
Scrolls
 h - 2 scrolls of amnesia
 j - a scroll of fog {unknown}
 l - 3 scrolls of magic mapping
 o - 7 scrolls of teleportation
 q - 2 scrolls of silence {unknown}
 u - 2 scrolls of noise {unknown}
 v - 4 scrolls of fear {unknown}
 y - 2 scrolls of vulnerability {unknown}
 D - a scroll of torment {unknown}
 H - a scroll of enchant armour {unknown}
 K - 2 scrolls of identify
 M - a scroll of summoning {unknown}
Potions
 a - 5 potions of heal wounds
 f - 2 potions of brilliance
 r - 7 potions of flight
 s - 3 potions of haste
 t - a potion of ambrosia
 x - 2 potions of mutation
 F - 3 potions of curing
 S - 3 potions of cancellation
 V - 2 potions of resistance


   Skills:
 + Level 9.0 Fighting
 + Level 12.8 Dodging
 - Level 2.4 Stealth
 + Level 4.4 Shields
 + Level 15.0 Spellcasting
 * Level 17.9 Conjurations
 - Level 8.0 Translocations
 * Level 14.9 Fire Magic
 + Level 3.1 Earth Magic


You had 2 spell levels left.
You knew the following spells:

 Your Spells              Type           Power      Damage    Failure   Level
a - Magic Dart            Conj           100%       1d8       0%          1
b - Searing Ray           Conj           100%       2d8       0%          2
c - Blink                 Tloc           100%       N/A       1%          2
d - Fulminant Prism       Conj/Hex       45%        3d21      1%          4
e - Iskenderun's Mystic   Conj/Tloc      100%       2d19      0%          4
f - Freezing Cloud        Conj/Ice/Air   38%        6-21      1%          5
g - Stone Arrow           Conj/Erth      100%       3d13      0%          3
h - Ignition              Fire           44%        3d13      4%          8
i - Inner Flame           Hex/Fire       65%        N/A       1%          3
j - Starburst             Conj/Fire      57%        6d15      1%          6
k - Fireball              Conj/Fire      57%        3d22      0%          5

Your spell library contained the following spells:

 Spells                   Type           Power      Damage    Failure   Level
 Scorch                   Fire           100%       2d10      0%          2
 Sandblast                Erth           90%        2d19      1%          1
 Passwall                 Tmut/Erth      28%        N/A       1%          2
 Poisonous Vapours        Pois/Air       48%        N/A       1%          2
 Dazzling Flash           Conj/Hex       100%       N/A       0%          3
 Gell's Gravitas          Tloc           67%        N/A       1%          3
 Lesser Beckoning         Tloc           67%        N/A       1%          3
 Teleport Other           Tloc           67%        N/A       1%          3
 Manifold Assault         Tloc           67%        N/A       1%          5
 Dispersal                Tloc           33%        N/A       5%          6
 Cause Fear               Hex            12%        N/A       10%         4
 Corpse Rot               Necr/Pois/Air  24%        N/A       10%         4
 Simulacrum               Ice/Necr       12%        N/A       88%         6
 Discord                  Hex            12%        N/A       100%        8
 Polar Vortex             Ice            12%        N/A       100%        9


Dungeon Overview and Level Annotations

Branches:
Dungeon (14/15)            Temple (1/1) D:4            Lair (5/5) D:10
 Shoals (0/4) Lair:2       Spider (0/4) Lair:2        Slime (0/5) Lair:5
    Orc (2/2) D:10            Elf (0/3) Orc:2        Bailey (visited)
Volcano (visited)
 Vaults: D:13-14

Altars:
Ashenzari
Cheibriados
Dithmenos
Elyvilon
Fedhas
Gozag
Hepliaklqana
Kikubaaqudgha
Makhleb
Nemelex Xobeh
Okawaru
Qazlal
Ru
Sif Muna
Trog
Uskayaw
Vehumet
Wu Jian
Xom
Yredelemnul
Zin
The Shining One
Jiyva

Shops:
D:6 *   D:14 [   Orc:2 *(!:

Annotations:
Lair:5 exclusion: 2 oklob plants


Innate Abilities, Weirdness & Mutations

You are resistant to electric shocks. (rElec)
[You have an uncontrollable temper.]
[You are very clumsy. (Dex -4)]
[Your spells are easier to cast, but less powerful.]
[You sometimes lose the ability to read scrolls when taking damage.]


Message History

You occasionally lose the ability to read scrolls when taking damage.
You lose the ability to read scrolls when taking damage more often.
The starcursed mass is engulfed in freezing vapours.
A starcursed mass splits.
The starcursed mass shudders and is absorbed by its neighbour.
A starcursed mass splits.
A hellephant comes into view.
The hellephant trumpets!
The hellephant breathes flames at you. The blast of flame hits you!!
You resist.
You feel threatened and lose the ability to read scrolls!
An orange demon comes into view.
Unknown command.
You cannot read scrolls in your current state!
A +4 vorpal hand axe comes into view.
The hellephant blinks!
Casting: Freezing Cloud (mildly dangerous; 1% risk of failure)
Confirm with . or Enter, or press ? or * to list all spells.
You feel a surge of power!
You blink.
You can read scrolls again.
Unknown command.
The hellephant blinks!
The hellephant breathes flames at you. The blast of flame hits you!!!
You resist.
You feel threatened and lose the ability to read scrolls!
Ouch! That really hurt!
* * * LOW HITPOINT WARNING * * *
The wretched star glows turbulently.
The lance of force misses you.
Okay, then.
You cannot read scrolls in your current state!
Okay, then.
You fade into invisibility!
The wretched star glows turbulently.
The lance of force misses you.
The wretched star glows turbulently.
The lance of force misses you.
The wretched star glows turbulently.
The lance of force hits you!!
You die...

.#4# .# ###4
#. #.#.# #( #
#4.# ##.#.# .
#. #Y##.#..
#.. #
#...#.####..#
#.#..... ....
.Y##.*#.##.###
... #....@.#
.....
#.##.##...#
.#.. ######
.#..# # .## ..
. # ## .# #


You could see a hellephant (wandering, unable to see you), a wretched star and
an orange demon (wandering, unable to see you).

Vanquished Creatures
  Gastronok (Lair:3)
  2 very ugly things (Abyss:2)
  The ghost of Firos the Devastator, a journeyman DECj of Vehumet (Lair:5)
  Azrael (Orc:2)
  A dire elephant (Lair:2)
  Snorg (Orc:2)
  2 fire dragons (Lair:5)
  Josephine (D:13)
  2 vault guards (D:14)
  5 boulder beetles
  5 hydras
  2 catoblepae
  The ghost of Garym the Cleaver, a novice MiBe of Trog (D:10)
  4 centaur warriors
  3 two-headed ogres
  Urug (D:13)
  13 death yaks
  4 orc high priests
  2 thrashing horrors (Abyss:2)
  A flayed ghost (Abyss:2)
  Pikel (D:6)
  2 starcursed masses (Abyss:2)
  2 lindwurms (Lair:5)
  A deep elf pyromancer (D:13)
  4 orc knights (Orc:2)
  2 wizards (D:14)
  2 necromancers (D:14)
  A shining eye (Abyss:2)
  6 orc sorcerers
  8 ugly things
  2 cyclopes
  4 manticores
  8 slime creatures
  7 black mambas
  Joseph (D:9)
  Maurice (D:13)
  3 molten gargoyles (Lair:5)
  17 elephants (Lair:2)
  A torpor snail (Lair:5)
  An orange demon (Abyss:2)
  3 gargoyles
  Psyche (D:9)
  6 cane toads
  9 komodo dragons
  3 kobold demonologists (D:12)
  2 efreet
  10 rime drakes (Lair:5)
  11 trolls
  An ancient zyme (Abyss:2)
  A meliai (shapeshifter) (D:14)
  4 polar bears
  A wolf spider simulacrum (D:14)
  Grinder (D:6)
  12 blink frogs
  10 dream sheep (Lair:5)
  A ynoxinul (Abyss:2)
  A culicivora (shapeshifter) (D:14)
  A large abomination (Abyss:2)
  3 vampires
  A spriggan (Lair:2)
  2 shadows (D:11)
  11 wraiths
  5 wyverns
  60 yaks
  A yak (shapeshifter) (D:13)
  16 humans (D:14)
  5 fire elementals
  4 basilisks
  2 fire bats (Abyss:2)
  18 steam dragons
  Grum (D:9)
  8 vampire mosquitoes
  2 wargs
  A chaos spawn (Abyss:2)
  4 acid dragons
  23 water moccasins
  6 hell hounds
  An ice beast (D:5)
  A black bear (Lair:2)
  34 orc warriors
  A sky beast (D:7)
  3 small abominations (Abyss:2)
  4 ogres
  7 centaurs
  12 wolves
  A phantom (D:7)
  4 lemures (D:6)
  6 kobold brigands
  14 bullfrogs
  A necrophage (D:7)
  6 scorpions
  3 wights (D:6)
  6 killer bees (D:11)
  6 electric eels (Bailey)
  9 howler monkeys
  6 jellies
  5 lava snakes (Lair:5)
  2 hounds
  18 orc priests
  7 iguanas
  18 orc wizards
  Robin (D:4)
  10 adders
  8 gnolls
  2 shadow imps
  3 white imps
  3 ufetubi
  4 worms
  3 dart slugs
  84 orcs
  7 endoplasms
  4 giant cockroaches
  28 goblins
  16 hobgoblins
  9 jackals
  23 kobolds
  4 quokkas
  6 ball pythons
  2 bats (D:1)
  4 frilled lizards
  6 rats
  A fulminant prism (D:10)
781 creatures vanquished.

Vanquished Creatures (others)
  108 fulminant prisms
  157 fungi
  146 plants
411 creatures vanquished.

Grand Total: 1192 creatures vanquished

Notes
Turn   | Place    | Note
-------+----------+-------------------------------------------
     0 | D:1      | Firos the Deep Elf Conjurer began the quest for the Orb.
     0 | D:1      | Reached XP level 1. HP: 10/10 MP: 6/6
   325 | D:1      | Reached XP level 2. HP: 15/15 MP: 5/8
   355 | D:1      | Learned a level 2 spell: Searing Ray
  1035 | D:2      | Reached skill level 5 in Conjurations
  1062 | D:2      | Reached XP level 3. HP: 19/19 MP: 5/10
  1571 | D:2      | Reached XP level 4. HP: 24/24 MP: 9/12
  1605 | D:2      | Learned a level 2 spell: Blink
  1610 | D:2      | Learned a level 4 spell: Fulminant Prism
  2307 | D:3      | Reached skill level 6 in Conjurations
  2720 | D:3      | Found a shimmering blue altar of Sif Muna.
  2995 | D:3      | Reached XP level 5. HP: 28/28 MP: 12/14
  3000 | D:3      | Learned a level 4 spell: Iskenderun's Mystic Blast
  3157 | D:3      | Found a burning altar of Makhleb.
  3847 | D:4      | Found a hide-covered altar of Uskayaw.
  3883 | D:4      | Reached skill level 5 in Spellcasting
  3883 | D:4      | Reached skill level 1 in Translocations
  3922 | D:4      | Reached XP level 6. HP: 32/32 MP: 6/15
  4160 | D:4      | Reached skill level 7 in Conjurations
  4289 | D:4      | Found a staircase to the Ecumenical Temple.
  4608 | D:4      | Noticed Robin
  4620 | D:4      | Killed Robin
  4840 | Temple   | Entered the Ecumenical Temple
  4974 | D:5      | Entered Level 5 of the Dungeon
  5282 | D:5      | Reached XP level 7. HP: 36/36 MP: 10/17
  5551 | D:5      | Reached skill level 8 in Conjurations
  5917 | D:5      | Found a broken altar of Ashenzari.
  6236 | D:5      | Found an ornate altar of the Wu Jian Council.
  6236 | D:5      | Found a radiant altar of Vehumet.
  6242 | D:5      | Became a worshipper of Vehumet
  6336 | D:6      | Noticed Grinder
  6337 | D:6      | Paralysed by Grinder for 3 turns
  6627 | D:6      | Noticed Pikel
  6643 | D:6      | Killed Pikel
  6644 | D:6      | Reached skill level 1 in Fighting
  6644 | D:6      | Reached skill level 9 in Conjurations
  6644 | D:6      | Reached XP level 8. HP: 43/43 MP: 0/21
  6786 | D:6      | Killed Grinder
  7114 | D:6      | Reached skill level 5 in Translocations
  7236 | D:6      | Found an ancient bone altar of Kikubaaqudgha.
  7358 | D:6      | Found Sihaog's Fire Supplies.
  7365 | D:6      | Bought a staff of fire for 350 gold pieces
  7469 | D:7      | Reached XP level 9. HP: 38/48 MP: 12/22
  7784 | D:7      | Found a glowing silver altar of Zin.
  7791 | D:7      | Reached skill level 10 in Conjurations
  7963 | D:7      | Reached * piety under Vehumet
  7963 | D:7      | Offered knowledge of Sandblast by Vehumet.
  8080 | D:7      | Reached skill level 5 in Dodging
  9248 | D:8      | Offered knowledge of Scorch by Vehumet.
  9252 | D:8      | Learned a level 2 spell: Scorch
  9318 | D:8      | Reached ** piety under Vehumet
  9700 | D:8      | Reached skill level 1 in Fire Magic
  9934 | D:8      | Found a hazy altar of Hepliaklqana.
  9940 | D:8      | Reached skill level 11 in Conjurations
 10091 | D:9      | Found a flagged portal.
 10096 | Bailey   | Entered a bailey
 10230 | Bailey   | Reached XP level 10. HP: 43/56 MP: 12/25
 10323 | Bailey   | Noticed an orc high priest
 10336 | Bailey   | Killed an orc high priest
 10792 | Bailey   | Offered knowledge of Stone Arrow by Vehumet.
 10977 | Bailey   | Acquired the ring of Xom's Entertainment {rPois rF+ Int+3
                  | Dex+6}
 11015 | Bailey   | Noticed an orc sorcerer
 11021 | Bailey   | Killed an orc sorcerer
 11042 | Bailey   | Reached *** piety under Vehumet
 11048 | Bailey   | Learned a level 3 spell: Stone Arrow
 11183 | Bailey   | Found an iron altar of Okawaru.
 11436 | D:9      | Noticed Psyche
 11448 | D:9      | Killed Psyche
 11469 | D:10     | Entered Level 10 of the Dungeon
 11496 | D:8      | Acquired 574 gold pieces
 11498 | D:8      | Acquired a +2 pair of boots of stealth
 11680 | D:6      | Bought the Tome of Calefaction for 364 gold pieces
 11689 | D:6      | Learned a level 8 spell: Ignition
 12278 | D:9      | Noticed a two-headed ogre
 12291 | D:9      | Killed a two-headed ogre
 12291 | D:9      | Offered knowledge of Hailstorm by Vehumet.
 12292 | D:9      | Reached skill level 12 in Conjurations
 12292 | D:9      | Reached skill level 5 in Fire Magic
 12423 | D:9      | Noticed Joseph
 12427 | D:9      | Killed Joseph
 12437 | D:9      | Reached XP level 11. HP: 55/62 MP: 9/26
 12522 | D:9      | Found a bloodstained altar of Trog.
 12662 | D:9      | Found a shimmering altar of Xom.
 13051 | D:9      | Noticed Grum
 13066 | D:9      | Killed Grum
 13343 | D:9      | Learned a level 3 spell: Inner Flame
 13424 | D:10     | Reached skill level 10 in Spellcasting
 13590 | D:10     | Reached **** piety under Vehumet
 13851 | D:10     | Found a runed translucent gate.
 13852 | D:10     | Found a runed translucent gate.
 13852 | D:10     | Found a runed translucent gate.
 13855 | D:10     | Noticed Garym's ghost (novice MiBe)
 13959 | D:10     | Found a stormy altar of Qazlal.
 14243 | D:10     | Noticed a two-headed ogre
 14251 | D:10     | Killed a two-headed ogre
 14262 | D:10     | Found a glowing golden altar of the Shining One.
 14395 | D:10     | Reached skill level 5 in Fighting
 14398 | D:10     | Offered knowledge of Olgreb's Toxic Radiance by Vehumet.
 14495 | D:10     | Found a staircase to the Lair.
 14534 | D:10     | Found a staircase to the Orcish Mines.
 14799 | D:10     | Reached skill level 13 in Conjurations
 15254 | D:10     | Found a viscous altar of Jiyva.
 15313 | Lair:1   | Entered Level 1 of the Lair of Beasts
 16119 | Lair:1   | Reached XP level 12. HP: 68/68 MP: 20/28
 16238 | Lair:1   | Learned a level 5 spell: Freezing Cloud
 16894 | Lair:2   | Noticed a boulder beetle
 16905 | Lair:2   | Found a hide-covered altar of Uskayaw.
 16905 | Lair:2   | Found an ornate altar of the Wu Jian Council.
 16914 | Lair:2   | HP: 3/68 [boulder beetle (25)]
 17301 | Lair:2   | Found a staircase to the Shoals.
 17744 | Lair:2   | Killed a boulder beetle
 17913 | Lair:2   | Noticed a dire elephant
 18080 | Lair:2   | Reached skill level 14 in Conjurations
 19147 | Lair:2   | Reached skill level 10 in Fire Magic
 19304 | Lair:2   | Reached XP level 13. HP: 63/75 MP: 11/31
 19527 | Lair:2   | Found a hole to the Spider Nest.
 19616 | Lair:2   | Killed a dire elephant
 20706 | Lair:3   | Noticed Gastronok
 20711 | Lair:3   | Killed Gastronok
 20805 | Lair:3   | Reached skill level 10 in Dodging
 20835 | Lair:3   | Reached ***** piety under Vehumet
 20835 | Lair:3   | Offered knowledge of Flame Wave by Vehumet.
 20906 | Lair:3   | Found a hazy altar of Hepliaklqana.
 21230 | Lair:3   | Found a dark tunnel.
 21238 | Volcano  | Entered a volcano
 21309 | Volcano  | Identified the +1 helmet "Qonur" {rN+}
 22257 | Lair:4   | Reached skill level 15 in Conjurations
 23171 | Lair:5   | Entered Level 5 of the Lair of Beasts
 23722 | Lair:5   | Reached XP level 14. HP: 82/82 MP: 25/33
 25029 | Lair:5   | Reached skill level 16 in Conjurations
 25479 | Lair:5   | Found a large runed translucent door.
 25646 | Lair:5   | Found a large runed translucent door.
 25649 | Lair:5   | Noticed Firos's ghost (journeyman DECj)
 25814 | Lair:5   | Killed Firos's ghost
 25834 | Lair:5   | Identified the ring "Lattowiq" {rF+++ Will- rCorr Int-5
                  | Dex+6}
 26010 | Lair:5   | Offered knowledge of Starburst by Vehumet.
 26264 | Lair:5   | Found a staircase to the Slime Pits.
 26421 | Lair:5   | Found a viscous altar of Jiyva.
 26832 | Lair:5   | Found a large runed translucent door.
 26884 | Lair:5   | Found a large runed translucent door.
 27270 | Lair:5   | Learned a level 6 spell: Starburst
 27687 | Orc:1    | Entered Level 1 of the Orcish Mines
 29137 | Orc:1    | You fall into a shaft and drop 1 floor!
 29137 | Orc:2    | Entered Level 2 of the Orcish Mines
 29205 | Orc:2    | Noticed Azrael
 29211 | Orc:2    | Killed Azrael
 29430 | Orc:2    | Noticed Snorg
 29435 | Orc:2    | Killed Snorg
 29673 | Orc:2    | Reached XP level 15. HP: 75/88 MP: 11/35
 29970 | Orc:2    | Reached skill level 17 in Conjurations
 30301 | Orc:2    | Reached skill level 1 in Shields
 30861 | Orc:2    | Found a staircase to the Elven Halls.
 30965 | Orc:2    | Paralysed by an orc sorcerer for 3 turns
 30970 | Orc:2    | Paralysed by an orc sorcerer for 5 turns
 30994 | Orc:2    | Paralysed by an orc sorcerer for 5 turns
 31051 | Orc:2    | Offered knowledge of Conjure Ball Lightning by Vehumet.
 31221 | Orc:2    | Found Gagouch's Book Boutique.
 31221 | Orc:2    | Found Orac's Distillery.
 31222 | Orc:2    | Found Nizoin's Weapon Emporium.
 31222 | Orc:2    | Found Nakujai's Assorted Antiques.
 31257 | Orc:2    | Bought a scroll of identify for 34 gold pieces
 31260 | Orc:2    | Bought a potion of heal wounds for 80 gold pieces
 31260 | Orc:2    | Bought a potion of heal wounds for 80 gold pieces
 31617 | D:10     | Killed Garym's ghost
 33117 | D:13     | Noticed Josephine
 33123 | D:13     | Killed Josephine
 33366 | D:13     | Reached skill level 1 in Earth Magic
 34046 | D:13     | Noticed Urug
 34054 | D:13     | Killed Urug
 34206 | D:13     | Noticed Maurice
 34210 | D:13     | Killed Maurice
 35125 | D:14     | Found Anoxtuh's Armour Shoppe.
 35213 | D:14     | Reached ****** piety under Vehumet
 35255 | D:14     | Offered knowledge of Fireball by Vehumet.
 35309 | D:14     | Learned a level 5 spell: Fireball
 35526 | Abyss:2  | Cast into level 2 of the Abyss (a wizard)
 35580 | Abyss:2  | Noticed a tentacled starspawn
 35627 | Abyss:2  | Found a corrupted altar of Lugonu.
 35651 | Abyss:2  | Gained mutation: You are resistant to electric shocks.
                  | (rElec) [a shining eye]
 35786 | Abyss:2  | Noticed a profane servitor
 35895 | Abyss:2  | Reached XP level 16. HP: 82/95 MP: 27/36
 35971 | Abyss:2  | Noticed a profane servitor
 36030 | Abyss:2  | Reached skill level 15 in Spellcasting
 36058 | Abyss:2  | Noticed a hellephant
 36071 | Abyss:2  | Killed from afar by a wretched star

Illustrated notes

Levels and vault maps discovered:
D:1:      minmay_arrival_nine_rooms, layout_basic
D:2:      layout_basic, serial_glass, glass_columns_b, glass_columns_a,
          glass_columns_a, minivault_4
D:3:      layout_loops_ring, lemuel_blue_sif_altar, lightli_temple_of_fire,
          kennysheep_generic_room_16
D:4:      kennysheep_goblin_castle, layout_cave_pools, amcnicky_altar_gilded,
          minmay_temple_entry_poolview
D:5:      layout_loops_cross, mainiacjoe_overflow_24_doors,
          gammafunk_temple_overflow_wave
D:6:      nicolae_cairo_tiling_large, layout_cave_pools,
          nicolae_kikubaaqudgha_miasma_corner, kennysheep_doodads,
          nicolae_shop_fire_sale [nicolae_sub_dead_trees], uniq_pikel,
          uniq_grinder
D:7:      layout_cave_pools, kennysheep_mini, kennysheep_opposing_triangles
D:8:      layout_basic, lemuel_round_altar
D:9:      layout_grid_maze, kennysheep_mini_moat, trog_butcher_becter,
          enter_bailey_2, uniq_joseph, uniq_grum, uniq_psyche
D:10:     layout_cave_pods, tso_oasis_becter, nicolae_qazlal_eye_of_the_storm,
          due_lair_maze_entry_diamond, minmay_orc_entry_temple_small,
          gammafunk_ghost_ooze
D:11:     minmay_inner_zag, layout_rooms, minmay_liquid_box
D:12:     layout_irregular_city
D:13:     layout_roguey [special_room_orc], uniq_josephine, uniq_maurice,
          uniq_urug
D:14:     layout_loops_ring, grunt_vaults_entry_tiered, serial_shops,
          nicolae_shop_temple_entry_statues_fountains,
          nzn_wu_jian_contemplation, minmay_misc_feat_nine_boxes,
          minmay_quadrilaterals
Temple:   hellmonk_temple_beads
Lair:1:   layout_cave_pods
Lair:2:   mu_elephants_graveyard, layout_cave_shapes, elwin_shoals_entry_rocks,
          nicolae_spider_entry_non_spiders, chequers_serial_rivers_large_b,
          nicolae_quartered_pool_super, nzn_masters_of_martial_movement
Lair:3:   layout_regular_city, basic_altar, nicolae_volcano_entry_two_sided,
          grunt_megastairs_2, serial_bayou_shore_b, uniq_gastronok
Lair:4:   layout_misc_corridors
Lair:5:   cheibrodos_lair_end_hotspot, layout_regular_city, slime_entry_1,
          ebering_ghost_disaster_area, gauntlet_entry_generic,
          bobbens_dragon_lair_wall
Orc:1:    layout_caves, basic_altar, statue_in_the_mist_lemuel
Orc:2:    st_orc_elflike, layout_caves, uniq_snorg, uniq_azrael
Abyss:2:  base: Lair:3, kilobyte_mutagenic_chamber, evilmike_abyss_exit_chaos,
          minivault_28

Skill      XL: |  1  2  3  4  5  6  7  8  9 10 11 12 13 14 15 16 |
---------------+-------------------------------------------------+-----
Conjurations   | 5 6 7 9 11 12 13 14 15 16 17 | 17.9
Spellcasting   | 4 5 7 9 10 12 13 14 15 | 15.0
Translocations | 1 2 4 5 6 7 8 |  8.0
Fighting       | 1 2 3 4 5 6 7 8 9 |  9.0
Dodging        | 3 4 5 7 8 9 10 11 12 | 12.8
Fire Magic     | 2 5 7 10 11 13 14 | 14.9
Shields        | 4 |  4.4
Earth Magic    | 3 |  3.1
Stealth        | |  2.4

Action                   |  1- 3 |  4- 6 |  7- 9 | 10-12 | 13-15 | 16-18 || total
-------------------------+-------+-------+-------+-------+-------+-------++-------
Melee: Unarmed           |     7 |     1 |       |       |       |       ||     8
       Dagger            |       |     7 |     2 |     2 |       |       ||    11
       Punch             |       |     1 |       |       |       |       ||     1
       Staff             |       |       |     1 |     7 |    10 |       ||    18
 Cast: Magic Dart        |    63 |   157 |   129 |   111 |   129 |       ||   589
       Fulminant Prism   |       |     7 |    38 |    57 |     7 |       ||   109
       Searing Ray       |       |     3 |    20 |     7 |     2 |       ||    32
       Iskenderun's Myst |       |     1 |     9 |    42 |    40 |     1 ||    93
       Stone Arrow       |       |       |       |    65 |   269 |    23 ||   357
       Blink             |       |       |       |    12 |     5 |     1 ||    18
       Inner Flame       |       |       |       |     5 |       |       ||     5
       Scorch            |       |       |       |     3 |       |       ||     3
       Freezing Cloud    |       |       |       |    87 |   310 |     3 ||   400
       Starburst         |       |       |       |       |     5 |       ||     5
       Fireball          |       |       |       |       |     2 |       ||     2
Evoke: Wand              |       |       |     4 |     9 |    17 |       ||    30
  Use: Scroll            |       |     5 |     4 |    11 |    11 |       ||    31
       Potion            |       |     1 |     1 |    10 |     8 |     1 ||    21
 Stab: Sleeping          |     1 |       |       |       |       |       ||     1
Armor: Robe              |     2 |     7 |     1 |       |    25 |     5 ||    40
       Leather armour    |       |       |     9 |    27 |    14 |       ||    50
Dodge: Dodged            |     6 |    29 |    24 |    70 |   135 |    28 ||   292
